cohdb
Replays
Latest Replays
All Replays
Popular Replays
Top Player Replays
Match Explorer
How It Works
Community
CoH3 Stats
Reddit
Sign in to upload your games and track your stats! →
Sign in with Steam
Match 45189034
Unlisted
Match 45189034
Overview
Messages
Build Orders
End
Scout Squad
Construct Barracks
Selects Special Operations Battlegroup
Selects M29 Weasel Recon Vehicle
M29 Weasel Recon Vehicle
Riflemen Squad
Riflemen Squad
Construct Medical Station
Infantry Support Center
Selects Smoke Screen
Smoke Screen
Engineer Squad
Construct Motor Pool
M8 Greyhound Armored Car
Smoke Screen
Selects SSF Commando Squad
SSF Commando Squad
Smoke Screen
SSF Commando Squad
Selects Air Re-supply Operation
Selects Mark Vehicle
Selects UNKNOWN (2162291)
M1 Anti-tank Gun Team
Construct Tank Depot
Smoke Screen
Air Re-Supply Operation
Smoke Screen
M4A1 Sherman Whizbang
M4A1 Sherman Whizbang
Smoke Screen
Skeng.Tecnica.International
Rather Splendid Cromwell
[=v=]ClaudiaEnfield
Doge 👊🏻🇺🇸🔥
0
0
Comments
sign in to comment!
No comments posted yet!